 Dungeon Crawl Stone Soup version 0.28-a0-1030-g8662a71 (webtiles) character file.

Game seed: 14757693112088074199

15204 HDogLeCool the Fighter (level 11, -1/99 HPs)
             Began as a Demonspawn Fighter on Dec 7, 2021.
             Was an Initiate of Gozag.
             Slain by an orc knight (33 damage)
             ... on level 1 of the Orcish Mines.
             The game lasted 00:39:48 (20063 turns).

HDogLeCool the Fighter (Demonspawn Fighter)        Turns: 20063, Time: 00:39:48

Health: -1/99      AC: 20    Str: 20    XL:     11   Next: 98%
Magic:  11/11      EV:  8    Int: 11    God:    Gozag
Gold:   0          SH:  6    Dex: 12    Spells: 10/10 levels left

rFire   + . .      SeeInvis .   N - +2 demon blade (freeze)
rCold   . . .      Faith    .   c - +1 buckler
rNeg    . . .      Spirit   .   R - +2 chain mail {rF+}
rPois   .          Reflect  .   (helmet restricted)
rElec   .          Harm     .   E - +0 cloak
rCorr   .          Rampage  .   (no gloves)
Will    .....                   I - +0 pair of boots
Stlth   ..........              (no amulet)
HPRegen 0.26/turn               r - +4 ring of protection
MPRegen 0.12/turn               (no ring)

@: studying Fighting
A: horns 2, demonic guardian 1, sturdy frame 1
a: Renounce Religion, Potion Petition, Call Merchant, Bribe Branch


You were on level 1 of the Orcish Mines.
You worshipped Gozag.
Gozag was noncommittal.
You visited 2 branches of the dungeon, and saw 12 of its levels.
You also visited: Sewer.

You collected 2872 gold pieces.
You spent 561 gold pieces at shops.
You paid 2311 gold pieces to Gozag.

Inventory:

Hand Weapons
 a - a +0 long sword of protection
 k - a +2 whip of pain
 C - a +2 dagger of venom
 N - a +2 demon blade of freezing (weapon)
Missiles
 o - 83 poisoned darts (quivered)
 A - 2 curare-tipped darts
Armour
 b - a +0 scale mail
 c - a +1 buckler (worn)
 t - a +0 chain mail
 z - the +0 ring mail of the Gastropod {Dex+2 SInv}
   (You found it on level 6 of the Dungeon)

   Dex:       It affects your dexterity (+2).
   SInv:      It lets you see invisible.
 B - +0 steam dragon scales
 E - a +0 cloak (worn)
 I - a +0 pair of boots (worn)
 J - a +1 leather armour of cold resistance
 R - a +2 chain mail of fire resistance (worn)
Jewellery
 g - a ring of ice
 r - a +4 ring of protection (left hand)
 L - an amulet of guardian spirit
Wands
 j - a wand of iceblast (10)
 w - a wand of charming (7)
 K - a wand of polymorph (5)
 P - a wand of acid (2)
 Q - a wand of flame (7)
Scrolls
 e - 4 scrolls of blinking
 m - a scroll of fog
 p - 4 scrolls of magic mapping
 s - a scroll of noise
 y - 3 scrolls of vulnerability
 F - 3 scrolls of immolation
 H - a scroll of enchant armour
 M - a scroll of identify
Potions
 d - a potion of might
 f - 2 potions of invisibility
 h - 2 potions of magic
 i - 2 potions of haste
 l - 2 potions of degeneration
 n - 3 potions of brilliance
 q - 4 potions of cancellation
 u - 2 potions of mutation
 v - a potion of berserk rage
 x - 2 potions of flight
 G - a potion of attraction


   Skills:
 * Level 13.9 Fighting
 * Level 12.2 Long Blades
 + Level 8.8 Armour
 - Level 4.0 Shields


You had 10 spell levels left.
You didn't know any spells.
Your spell library contained the following spells:

 Spells                   Type           Power      Damage    Failure   Level
 Blink                    Tloc           0%         N/A       94%         2
 Corpse Rot               Necr/Air       0%         N/A       94%         2
 Poisonous Vapours        Pois/Air       0%         N/A       94%         2
 Static Discharge         Conj/Air       0%         N/A       94%         2
 Lesser Beckoning         Tloc           0%         N/A       99%         3
 Lightning Bolt           Conj/Air       0%         1d11      100%        5
 Manifold Assault         Tloc           0%         N/A       100%        5
 Conjure Ball Lightning   Conj/Air       0%         3x3d6     100%        6
 Discord                  Hex            0%         N/A       100%        8
 Disjunction              Tloc           0%         N/A       100%        8
 Maxwell's Capacitive Co  Air            0%         ∞         100%        8


Dungeon Overview and Level Annotations

Branches:
Dungeon (10/15)            Temple (0/1) D:4             Orc (2/2) D:9
    Elf (0/3) Orc:2         Sewer (visited)
   Lair: D:8-11

Altars:
Cheibriados
Fedhas
Gozag
Hepliaklqana
Nemelex Xobeh
Qazlal
Sif Muna
Trog
Yredelemnul

Shops:
D:8 *   D:9 (   Orc:2 (:

Annotations:
D:3 2 transporters, 3 runed translucent doors, cheechan's ghost, amateur NaIE; jorbis's ghost, amateur DsGl; mbeke's ghost, amateur DjFE
D:10 Nergalle; Urug


Innate Abilities, Weirdness & Mutations

You have a pair of horns on your head.
A weak demonic guardian rushes to your aid.
Your movements are slightly less encumbered by armour. (ER -2)


Message History

You climb upwards.
There is a stone staircase leading down here.
The orc knight roars a battlecry!
The orc knight goes into a battle-frenzy!
The orc knight roars a battlecry!
The orc knight goes into a battle-frenzy!
You slash the orc knight! You freeze the orc knight!
The orc knight is moderately wounded.
You block the orc knight's attack.
You need at least 400 gold to purchase potions right now!
You hit the orc knight. You freeze the orc knight.
The orc knight is heavily wounded.
You block the orc knight's attack.
You hit the orc knight. You freeze the orc knight.
The orc knight is heavily wounded.
The orc knight hits you with a +0 long sword!
You slash the orc knight! You freeze the orc knight.
The orc knight is almost dead.
You closely miss the orc knight.
The orc knight is severely wounded.
The orc knight closely misses you.
You closely miss the orc knight.
The orc knight is severely wounded.
The orc knight hits you with a +0 long sword!!
A demonic guardian appears!
You slash the orc knight! You freeze the orc knight.
You headbutt the orc knight, but do no damage.
The orc knight is almost dead.
You hit the orc knight but do no damage.
The orc knight is almost dead.
You slash the orc knight! You freeze the orc knight.
The orc knight is lightly wounded.
The orc knight no longer looks unusually strong.
The orc knight roars a battlecry!
The orc knight goes into a battle-frenzy!
You completely miss the orc knight.
The orc knight is lightly wounded.
The orc knight hits you with a +3 battleaxe!!
You die...
Your body crumbles into a pile of gold.

##............###
##.#.....)......##
#........[><.....#
##.......).#..#.##
#.............##
#.........#....#
##.......###...#
##.......#o5.##
##...#...o@...#
##.....#..##..##
##...........###
#.......##....#
##..#........##
#####.....###
##.#.### #.....#
##.....##


You could see 2 orc knights and a friendly iron imp (summoned).

Vanquished Creatures
  A two-headed ogre (D:9)
  4 orc knights
  3 orc sorcerers
  A manticore (D:7)
  4 centaur zombies
  Maggie (D:6)
  A troll (D:10)
  A wyvern (D:9)
  6 yaks
  Menkaure (D:6)
  Eustachio (D:6)
  A vampire mosquito (D:9)
  7 wargs
  2 water moccasins
  30 orc warriors
  5 ice beasts
  3 centaurs
  12 ogres
  A phantom (D:4)
  3 kobold brigands
  8 bullfrogs
  2 scorpions (D:5)
  A water moccasin zombie (D:5)
  13 killer bees
  2 howler monkeys
  4 wights (D:7)
  A bullfrog zombie (D:3)
  9 hounds
  3 centaur skeletons
  2 jellies
  10 orc priests
  A gnoll shaman (D:6)
  Natasha (thrice) (D:3)
  13 orc wizards
  A howler monkey skeleton (D:7)
  7 adders
  2 river rats (D:3)
  4 white imps
  2 ufetubi
  3 adder skeletons (D:4)
  A worm (D:3)
  60 orcs
  10 ball pythons
  7 endoplasms
  6 giant cockroaches
  5 hobgoblins
  6 jackals
  23 kobolds
  8 quokkas
  8 bats
  6 frilled lizards
  11 goblins
  6 rats
  A bush (D:7)
337 creatures vanquished.

Vanquished Creatures (collateral kills)
  A steam dragon (D:8)
  Crazy Yiuf (D:7)
2 creatures vanquished.

Vanquished Creatures (others)
  15 plants (Sewer)
  4 withered plants (D:3)
19 creatures vanquished.

Grand Total: 358 creatures vanquished

Notes
Turn   | Place    | Note
-------+----------+-------------------------------------------
     0 | D:1      | HDogLeCool the Demonspawn Fighter began the quest for the
                  | Orb.
     0 | D:1      | Reached XP level 1. HP: 18/18 MP: 1/1
   160 | D:1      | Gained mutation: Your movements are slightly less
                  | encumbered by armour. (ER -2) [demonic ancestry]
   160 | D:1      | Reached XP level 2. HP: 24/24 MP: 2/2
   513 | D:1      | Reached XP level 3. HP: 23/29 MP: 3/3
  1675 | D:3      | Gained mutation: You have a pair of small horns on your
                  | head. [demonic ancestry]
  1675 | D:3      | Reached XP level 4. HP: 18/35 MP: 4/4
  1705 | D:3      | Found a stormy altar of Qazlal.
  1778 | D:3      | Found a transporter.
  1800 | D:3      | Found a transporter.
  1821 | D:3      | Found a glowing drain.
  1953 | Sewer    | Entered a sewer
  2285 | Sewer    | Reached XP level 5. HP: 30/42 MP: 5/5
  3115 | D:3      | Noticed a water moccasin
  3134 | D:3      | Killed a water moccasin
  3135 | D:3      | Reached skill level 4 in Fighting
  3135 | D:3      | Reached XP level 6. HP: 12/48 MP: 6/6
  3417 | D:3      | Found a runed translucent gate.
  3418 | D:3      | Found a runed translucent gate.
  3418 | D:3      | Found a runed translucent gate.
  3419 | D:3      | Noticed mbeke's ghost (amateur DjFE)
  3419 | D:3      | Noticed cheechan's ghost (amateur NaIE)
  3419 | D:3      | Noticed jorbis's ghost (amateur DsGl)
  3715 | D:3      | Noticed Natasha
  3726 | D:3      | Killed Natasha
  3928 | D:3      | Noticed Natasha
  3936 | D:3      | Killed Natasha
  3941 | D:3      | Noticed Natasha
  3955 | D:3      | Killed Natasha
  4253 | D:4      | Found an opulent altar of Gozag.
  4585 | D:4      | Found a staircase to the Ecumenical Temple.
  4716 | D:4      | Gained mutation: You have a pair of horns on your head.
                  | [demonic ancestry]
  4716 | D:4      | Reached XP level 7. HP: 55/55 MP: 7/7
  4927 | D:4      | Became a worshipper of Gozag Ym Sagoz the Greedy
  4993 | D:4      | Found a blossoming altar of Fedhas.
  5189 | D:4      | Reached skill level 5 in Long Blades
  5807 | D:5      | Entered Level 5 of the Dungeon
  6045 | D:4      | Reached skill level 5 in Fighting
  6473 | D:5      | Reached XP level 8. HP: 39/62 MP: 8/8
  6735 | D:5      | Found a bloodstained altar of Trog.
  7197 | D:6      | Noticed Eustachio
  7235 | D:6      | Killed Eustachio
  7466 | D:6      | Reached skill level 5 in Armour
  7567 | D:6      | Reached skill level 6 in Fighting
  8290 | D:6      | Identified the +0 ring mail of the Gastropod {Dex+2 SInv}
  8370 | D:6      | Reached XP level 9. HP: 63/71 MP: 9/9
  8406 | D:6      | Noticed Maggie
  8517 | D:6      | Killed Maggie
  8925 | D:6      | Noticed Menkaure
  9553 | D:6      | Reached skill level 7 in Fighting
  9731 | D:6      | Killed Menkaure
 10450 | D:7      | Noticed a manticore
 10868 | D:7      | Killed a manticore
 11139 | D:7      | Gained mutation: A weak demonic guardian rushes to your
                  | aid. [demonic ancestry]
 11139 | D:7      | Reached XP level 10. HP: 80/80 MP: 10/10
 11375 | D:7      | Found a runed translucent door.
 11376 | D:7      | Noticed Crazy Yiuf
 11381 | D:7      | Killed Crazy Yiuf
 11892 | D:8      | Found Caupn's Assorted Antiques.
 11898 | D:8      | Bought a scroll labelled HYNULOIKHLA for 27 gold pieces
 11898 | D:8      | Bought a scroll labelled YGRETAG HEMIM for 27 gold pieces
 12057 | D:8      | Reached skill level 8 in Fighting
 12545 | D:9      | Acquired a manual of Fighting
 13048 | D:9      | Reached skill level 10 in Long Blades
 13377 | D:9      | Found Umeof's Weapon Shop.
 13385 | D:9      | Bought a +2 demon blade of freezing for 507 gold pieces
 13479 | D:9      | Reached skill level 9 in Fighting
 13938 | D:9      | Found a staircase to the Orcish Mines.
 14116 | D:9      | Found a basalt altar of Yredelemnul.
 14451 | D:10     | Entered Level 10 of the Dungeon
 14453 | D:10     | Noticed Nergalle
 14461 | D:9      | Reached skill level 10 in Fighting
 14567 | Orc:1    | Entered Level 1 of the Orcish Mines
 14567 | Orc:1    | Noticed an orc sorcerer
 14568 | Orc:1    | Paralysed by an orc sorcerer for 7 turns
 14570 | Orc:1    | Noticed an orc sorcerer
 14733 | D:10     | Noticed Urug
 14733 | D:10     | Noticed a two-headed ogre
 14768 | D:9      | Killed a two-headed ogre
 14879 | D:10     | Noticed a red ugly thing
 14967 | D:10     | Found a sparkling altar of Nemelex Xobeh.
 14967 | D:10     | Found a snail-covered altar of Cheibriados.
 14968 | D:10     | Found a hazy altar of Hepliaklqana.
 15010 | D:10     | Found a shimmering blue altar of Sif Muna.
 15040 | D:10     | Reached XP level 11. HP: 85/92 MP: 11/11
 15095 | Orc:1    | Noticed a sixfirhy
 15385 | D:9      | Killed an orc sorcerer
 15386 | D:9      | Reached skill level 11 in Fighting
 16685 | D:9      | Killed an orc sorcerer
 16917 | Orc:2    | Entered Level 2 of the Orcish Mines
 16917 | Orc:2    | Found a staircase to the Elven Halls.
 17148 | Orc:2    | Noticed an orc knight
 17369 | Orc:1    | Killed an orc knight
 17370 | Orc:1    | Reached skill level 12 in Fighting
 17867 | Orc:1    | Noticed an orc knight
 18088 | Orc:2    | Noticed an orc knight
 18106 | Orc:2    | Killed an orc knight
 18445 | Orc:2    | Noticed an orc knight
 18449 | Orc:2    | Noticed an orc knight
 19018 | Orc:2    | Killed an orc knight
 19019 | Orc:2    | Reached skill level 13 in Fighting
 19647 | Orc:2    | Found Itzefip's Antique Weapon Emporium.
 19647 | Orc:2    | Found Ablah's Book Shop.
 19776 | Orc:2    | Noticed an orc sorcerer
 19781 | Orc:2    | Noticed an orc knight
 19784 | Orc:2    | Killed an orc sorcerer
 19785 | Orc:2    | Noticed an orc knight
 19802 | Orc:2    | Killed an orc knight
 20063 | Orc:1    | Slain by an orc knight

Illustrated notes

Levels and vault maps discovered:
D:1:      scummos_arrival_star, layout_loops_ring, st_stairs_11
D:2:      layout_basic, st_stairs_1, hangedman_decor_slide_cut
D:3:      gammafunk_wand_slinger, layout_basic,
          nicolae_qazlal_scattered_showers, portal_sewer_entry_b,
          gammafunk_ghost_cemetery, uniq_natasha
D:4:      layout_layer_cave, nicolae_gozag_cash_rules_everything_around_me,
          mainiacjoe_overflow_catwalk, minmay_temple_entry_drinking_statues
D:5:      layout_cave_pools, trog_three_pillars_becter
D:6:      minmay_octagon_keep, layout_loops_cross, uniq_maggie, uniq_menkaure,
          uniq_eustachio
D:7:      layout_cave_pools, uniq_crazy_yiuf_cottage
D:8:      layout_loops_ring, serial_shops,
          nicolae_shop_competitors_out_of_business, serial_aquarium,
          aquarium_bridge_straight [aquarium_subvault_bridge,
          aquarium_subvault_wall, aquarium_subvault_bridge,
          aquarium_subvault_balcony], aquarium_window_fake, aquarium_window_2,
          aquarium_view_2a, aquarium_view_2e, aquarium_pool_side
D:9:      layout_long_grid, mainiacjoe_overflow_brackets, hiddenorc1_lemuel,
          serial_shops, nicolae_shop_bloodbath_and_beyond
D:10:     layout_cave_pools, minmay_overflow_temple_star_hex, erik_lair_island,
          uniq_nergalle, uniq_urug
Orc:1:    layout_caves, mines2_david
Orc:2:    st_orc_town, layout_diamond_mine

Skill      XL: |  1  2  3  4  5  6  7  8  9 10 11 |
---------------+----------------------------------+-----
Long Blades    | 2 3 4 6 7 9 10 12 | 12.2
Shields        | 3 4 |  4.0
Fighting       | 4 5 6 7 10 13 | 13.9
Armour         | 3 4 5 6 7 8 |  8.8

Action                   |  1- 3 |  4- 6 |  7- 9 | 10-12 || total
-------------------------+-------+-------+-------+-------++-------
Melee: Long sword        |    30 |       |    62 |    90 ||   182
       Dagger            |    97 |   229 |   329 |    57 ||   712
       Headbutt          |       |    40 |    94 |   158 ||   292
       Demon blade       |       |       |       |   489 ||   489
Throw: Dart              |       |       |    16 |     4 ||    20
Invok: Potion Petition   |       |       |     1 |     6 ||     7
  Use: Potion            |       |     3 |     3 |     3 ||     9
       Scroll            |       |       |    15 |     5 ||    20
 Stab: Distracted        |       |       |     2 |     2 ||     4
Armor: Scale mail        |    64 |    26 |       |       ||    90
       Chain mail        |       |    37 |   191 |   271 ||   499
Dodge: Dodged            |    66 |    73 |   141 |   187 ||   467
Block: Buckler           |    22 |    38 |   103 |   149 ||   312

Table legend: (Time is in decaauts)
 A = Elapsed time spent in this place.
 B = Non-inter-level travel time spent in this place.
 C = Inter-level travel time spent in this place.
 D = Time resting spent in this place.
 E = Time spent auto-exploring this place.
 F = Levels seen in this place.
 G = Mean time per level.
                   A        B        C        D        E       F      G
               +--------+--------+--------+--------+--------+-----+--------+
         Total |  20048 |  19191 |    857 |   6192 |   9380 |  13 | 1542.2 |
       Dungeon |  15505 |  14674 |    831 |   4411 |   7690 |  10 | 1550.5 |
  Orcish Mines |   3312 |   3286 |     26 |   1516 |    910 |   2 | 1656.0 |
         Sewer |   1230 |   1230 |      0 |    265 |    780 |   1 | 1230.0 |
               +--------+--------+--------+--------+--------+-----+--------+

Top non-repeatable levels by time:
     D:9: 3413 daAuts
     D:6: 2690 daAuts
     D:4: 1835 daAuts
   Orc:2: 1791 daAuts
   Orc:1: 1520 daAuts
     D:5: 1485 daAuts
     D:3: 1476 daAuts
     D:8: 1462 daAuts
   Sewer: 1230 daAuts
     D:7: 1206 daAuts
     D:1: 953 daAuts
     D:2: 697 daAuts
    D:10: 280 daAuts
